cohdb
Replays
Latest Replays
All Replays
Popular Replays
Top Player Replays
Match Explorer
How It Works
Community
CoH3 Stats
Reddit
Sign in to upload your games and track your stats! →
Sign in with Steam
Match 46203589
Unlisted
Match 46203589
Overview
Messages
Build Orders
End
Panzergrenadier Squad
Selects Armored Support Battlegroup
Kradschützen Motorcycle Team
Panzergrenadier Squad
Construct Light Support Kompanie
250 Light Carrier
Selects Superior Fire Drills
Combat Half-tracks
Construct Mechanized Kompanie
Support Armor Elements
Veteran Squad Leaders
Panzerjäger Mechanized Group
StuG III D Assault Gun
Vehicle Survival Package
2.5-tonne Medical Truck
Panzerjäger Squad
Selects Flammpanzer III Medium Tank
Emergency Repair Kits
Flammpanzer III Medium Tank
Selects Command Panzer IV F Medium Tank
254 Reconnaissance Tractor
Panzergrenadier Squad
Marder III Tank Destroyer
Marder III Tank Destroyer
Selects Salvage Kits
Selects Panzer Storm
VonManteuffel
Heartless Jäger
Trivolka
4-in-1 Petrol lawnmower
0
0
Comments
sign in to comment!
No comments posted yet!